 Dungeon Crawl Stone Soup version 0.30-a0-134-gb40fab5c76 (webtiles) character file.

Game seed: 10384583086523372153

13 IdlyInterested the Grasshopper (level 2, -1/24 HPs)
             Began as a Demonspawn Wanderer on Sept 19, 2022.
             Slain by a hobgoblin (3 damage)
             ... on level 1 of the Dungeon.
             The game lasted 00:02:12 (806 turns).

IdlyInterested the Grasshopper (Demonspawn Wanderer) Turns: 806, Time: 00:02:12

Health: -1/24      AC:  3    Str: 11    XL:     2   Next: 24%
Magic:  5/5        EV: 11    Int: 10    God:
Gold:   17         SH:  0    Dex: 16    Spells: 5/5 levels left

rFire   . . .      SeeInvis .    e - +0 short sword
rCold   . . .      Faith    .    (no shield)
rNeg    . . .      Spirit   .    c - +0 leather armour
rPois   .          Reflect  .    (no helmet)
rElec   .          Harm     .    (no cloak)
rCorr   .          Rampage  .    (no gloves)
Will    .....                    (no boots)
Stlth   +.........               (no amulet)
HPRegen 0.08/turn                (no ring)
MPRegen 0.09/turn                (no ring)

@: no status effects
A: claws 1
a: no special abilities


You were on level 1 of the Dungeon.
You visited 1 branch of the dungeon, and saw 1 of its levels.

You collected 17 gold pieces.

Inventory:

Hand Weapons
 a - a +0 dagger
 e - a +0 short sword (weapon)
 j - a +0 hand axe
Armour
 c - a +0 leather armour (worn)
Scrolls
 f - a scroll of torment {unknown}
 g - a scroll of fog {unknown}
 i - a scroll of teleportation {unknown}
Potions
 b - a potion of might
 d - a potion of attraction
 h - a potion of curing {unknown}
 k - a potion of haste {unknown}


   Skills:
 + Level 3.2 Fighting
 - Level 1.0 Armour
 * Level 0.7 Dodging
 - Level 2.0 Spellcasting
 - Level 3.6 Translocations
 - Level 1.0 Earth Magic


You had 5 spell levels left.
You didn't know any spells.
Your spell library contained the following spells:

 Spells                   Type           Power      Damage    Failure   Level
 Apportation              Tloc           16%        N/A       10%         1
 Sandblast                Erth           6%         2d5       26%         1
 Gell's Gravitas          Tloc           8%         N/A       28%         3
 Teleport Other           Tloc           8%         N/A       28%         3
 Stone Arrow              Conj/Erth      4%         3d7       69%         3


Dungeon Overview and Level Annotations

Branches:
Dungeon (1/15)

Altars:


Innate Abilities, Weirdness & Mutations

You have sharp fingernails.


Message History

The hobgoblin is moderately wounded.
The hobgoblin hits you. The hobgoblin misses you.
You hit the hobgoblin but do no damage.
The hobgoblin is moderately wounded.
The hobgoblin barely misses you. The hobgoblin closely misses you.
You hit the hobgoblin.
The hobgoblin is severely wounded.
The hobgoblin hits you but does no damage.
The hobgoblin hits you.
* * * LOW HITPOINT WARNING * * *
You barely miss the hobgoblin.
The hobgoblin is severely wounded.
The hobgoblin hits you.
* * * LOW HITPOINT WARNING * * *
The hobgoblin hits you.
* * * LOW HITPOINT WARNING * * *
Unknown command.
You hit the hobgoblin but do no damage.
The hobgoblin is severely wounded.
The hobgoblin hits you but does no damage. x2
You hit the hobgoblin.
You kill the hobgoblin!
The hobgoblin hits you but does no damage.
You hit the hobgoblin.
The hobgoblin is lightly wounded.
The hobgoblin hits you but does no damage.
You hit the hobgoblin.
The hobgoblin is moderately wounded.
The hobgoblin hits you but does no damage.
You closely miss the hobgoblin.
The hobgoblin is moderately wounded.
The hobgoblin closely misses you.
You barely miss the hobgoblin.
The hobgoblin is moderately wounded.
The hobgoblin hits you.
* * * LOW HITPOINT WARNING * * *
You barely miss the hobgoblin.
The hobgoblin is moderately wounded.
The hobgoblin hits you.
You die...

.#.. #.# . ... #.#
.8 8.##.# #(#..#.#
#8..#.# ....# #.g#
### ##@####...## ##
#..†.#.# #.# ##.
##......# #.######..
+.......###.........
####..........####..
##..##.###.# #..
##.##.# #.# #.#
#.....# #.# #.#
#..#### #.# #.#


You could see a hobgoblin.

Vanquished Creatures
  3 endoplasms (D:1)
  2 hobgoblins (D:1)
  A kobold (D:1)
  A quokka (D:1)
  A bat (D:1)
  2 frilled lizards (D:1)
  2 rats (D:1)
12 creatures vanquished.

Notes
Turn   | Place    | Note
-------+----------+-------------------------------------------
     0 | D:1      | IdlyInterested the Demonspawn Wanderer began the quest for
                  | the Orb.
     0 | D:1      | IdlyInterested set off with the following items: a +0
                  | dagger, a potion of might, a +0 leather armour, a potion of
                  | attraction; and the following spells available to memorise:
                  | Apportation, Sandblast, Gell's Gravitas, Teleport Other,
                  | Stone Arrow.
     0 | D:1      | Reached XP level 1. HP: 18/18 MP: 3/3
   343 | D:1      | Reached skill level 1 in Armour
   513 | D:1      | Gained mutation: You have sharp fingernails. [demonic
                  | ancestry]
   513 | D:1      | Reached XP level 2. HP: 24/24 MP: 5/5
   554 | D:1      | Found a faded altar of an unknown god.
   806 | D:1      | Slain by a hobgoblin

Illustrated notes

Levels and vault maps discovered:
D:1:      elethiomel_arrival_quiet, layout_loops_corners,
          hellmonk_ecumenical_altar_run_dry, minmay_statues_item

Skill      XL: |  1 |
---------------+----+-----
Armour         | 1 |  1.0
Fighting       | |  3.2
Dodging        | |  0.7
Spellcasting   | |  2.0
Translocations | |  3.6
Earth Magic    | |  1.0

Action                   || total
-------------------------++-------
Melee: Short sword       ||    44
       Dagger            ||    12
 Stab: Sleeping          ||     1
Armor: Leather armour    ||    15
Dodge: Dodged            ||    27

Table legend: (Time is in decaauts)
 A = Elapsed time spent in this place.
 B = Non-inter-level travel time spent in this place.
 C = Inter-level travel time spent in this place.
 D = Time resting spent in this place.
 E = Time spent auto-exploring this place.
 F = Levels seen in this place.
 G = Mean time per level.
                   A        B        C        D        E       F      G
               +--------+--------+--------+--------+--------+-----+--------+
         Total |    805 |    805 |      0 |    119 |    548 |   1 |  805.0 |
       Dungeon |    805 |    805 |      0 |    119 |    548 |   1 |  805.0 |
               +--------+--------+--------+--------+--------+-----+--------+

Top non-repeatable levels by time:
     D:1: 805 daAuts
